Unix NetHack Version 3.7.0-97 Work-in-progress - last build Feb 8 2024 15:05:57 (6d6cdf8371b60126770a3d7b88910941cb14a054,branch:master). Game began 2024-03-03 08:04:55, ended 2024-03-03 08:13:50. spontiff, neutral female gnomish Healer --- ---.-- - -----.@)f----- -- |........h...|.|..| -------..|........--- | --.|..............- |...<.........| ------.--.|..-- -- ----- Spontiff the Rhizotomist St:9 Dx:7 Co:14 In:10 Wi:17 Ch:18 Neutral S:119 Dlvl:3 $:1888 HP:0(20) Pw:1(5) AC:6 Xp:1/0 T:846 Latest messages: In what direction? . Status of spontiff (fervently neutral): Level 1 HP 20(20) AC 6. What do you want to use or apply? [bhisS or ?*] s In what direction? y You hear nothing special. What do you want to use or apply? [bhisS or ?*] s In what direction? u You hear nothing special. You swap places with your kitten. v - a bubbly potion. What do you want to use or apply? [bhisS or ?*] v Sorry, I don't know how to use that. You descend the stairs. The kitten misses the hobbit. The hobbit wields a runed dagger! You hear rumbling in the distance. The kitten bites the hobbit. What do you want to use or apply? [bhisS or ?*] s In what direction? l Status of the hobbit (lawful, small): Level 1 HP 6(7) AC 10. The kitten bites the hobbit. The hobbit wields a runed dagger! What do you want to use or apply? [bhisS or ?*] s In what direction? l Status of the hobbit (lawful, small): Level 1 HP 3(7) AC 10. You see here a whistle. The kitten misses the hobbit. w - a whistle. The kitten misses the hobbit. The hobbit thrusts his runed dagger. The hobbit hits! The kitten misses the hobbit. What do you want to adjust? [b-dg-ikm-oq-su-wyS or ?*] w Adjust letter to what [aefjlptwxzA-RT-Z] (? see used letters)? o Swapping: o - a whistle. The kitten bites the hobbit. The hobbit thrusts his runed dagger at the kitten. The hobbit misses the kitten. The hobbit thrusts his runed dagger. The hobbit hits! You hear rumbling in the distance. Are you sure you want to pray? [yn] (n) y You begin praying to Hermes. The kitten bites the hobbit. The hobbit is killed! The hobbit thrusts his runed dagger. The hobbit hits! You die... Do you want your possessions identified? [ynq] (y) y Do you want to see the dungeon overview? [ynq] (y) y Inventory: Coins $ - 1888 gold pieces Weapons k - an uncursed +0 orcish dagger (weapon in right hand) Armor g - an uncursed +1 pair of leather gloves (being worn) d - an uncursed +0 leather armor (being worn) Comestibles y - 5 uncursed apples n - an uncursed food ration Scrolls w - an uncursed scroll of amnesia u - a blessed scroll of enchant weapon m - an uncursed scroll of remove curse Spellbooks h - a blessed spellbook of extra healing b - a blessed spellbook of healing i - a blessed spellbook of stone to flesh Potions c - 4 uncursed potions of extra healing v - an uncursed potion of monster detection q - a blessed potion of sickness named SMOKY Wands S - an uncursed wand of sleep (0:8) Tools o - an uncursed magic whistle s - an uncursed stethoscope Gems/Stones r - an uncursed worthless piece of yellow glass Spontiff the Healer's attributes: Background: You were a Rhizotomist, a level 1 female gnomish Healer. You were neutral, on a mission for Hermes who was opposed by Athena (lawful) and Poseidon (chaotic). You were right-handed. You were in the Gnomish Mines, on level 3. You entered the dungeon 846 turns ago. You had 0 experience points, 20 were needed to attain level 2. Your score was 119 before end-of-game adjustments. Basics: You had 0 out of 20 hit points. You had 1 out of 5 energy points (spell power). Your armor class was 6. Your wallet contained 1888 zorkmids. Autopickup was on for '$!/="?' plus thrown, with exceptions. Final Characteristics: Your strength was 9 (limit:18/50). Your dexterity was 7 (limit:18). Your constitution was 14 (limit:18). Your intelligence was 10 (limit:19). Your wisdom was 17 (limit:18). Your charisma was 18 (limit:18). Final Status: You weren't hungry. You were unencumbered. You were wielding a dagger. You were unskilled in dagger. Final Attributes: You were fervently aligned. You were poison resistant. You had infravision. You were warded. You are dead. Miscellaneous: You never encountered a bones level. Total elapsed playing time was 8 minutes and 55 seconds. Major events: Turn 1: spontiff the neutral female gnomish Healer entered the dungeon 839: entered the Gnomish Mines 846: killed by a hobbit, while praying Vanquished creatures: a hobbit 2 giant rats a jackal a fox a goblin a sewer rat 2 grid bugs 3 lichens 2 kobold zombies 5 newts 19 creatures vanquished. No species were genocided or became extinct. Voluntary challenges: You followed a strict vegan diet. You never hit with a wielded weapon. You were a pacifist. You were illiterate. You never engraved Elbereth. You never genocided any monsters. You never polymorphed an object. You never changed form. You used no wishes. Achievement: You entered the Gnomish Mines. The Dungeons of Doom: levels 1 to 2 Level 1: Level 2: Stairs down to The Gnomish Mines. The Gnomish Mines: Level 3: <- You were here. Final resting place for you, killed by a hobbit, while praying. Game over: ---------- / \ / REST \ / IN \ / PEACE \ / \ | spontiff | | 1888 Au | | killed by a | | hobbit | | | | | | 2024 | *| * * * | * _________)/\\_//(\/(/\)/\//\/|_)_______ Goodbye spontiff the Healer... You died in The Gnomish Mines on dungeon level 3 with 118 points, and 1888 pieces of gold, after 846 moves. You were level 1 with a maximum of 20 hit points when you died.